 Dungeon Crawl Stone Soup version 0.26.1-16-g4e020e15dc (webtiles) character file.

Game seed: 6050194067597747036

28 Twinkles the Vandal (level 3, -1/23 HPs)
             Began as a Halfling Arcane Marksman on Mar 11, 2023.
             Succumbed to an adder's poison
             ... on level 3 of the Dungeon.
             The game lasted 00:01:05 (229 turns).

Twinkles the Vandal (Halfling Arcane Marksman)       Turns: 229, Time: 00:01:06

Health: -1/23      AC:  2    Str: 12    XL:     3   Next: 27%
Magic:  4/4        EV: 15    Int: 11    God:
Gold:   35         SH:  0    Dex: 14    Spells: 3/4 levels left

rFire    . . .     SeeInvis .   b - +0 mace
rCold    . . .     Faith    .   (shield restricted)
rNeg     . . .     Spirit   .   e - +0 robe
rPois    .         Reflect  .   (no helmet)
rElec    .         Harm     .   (no cloak)
rCorr    .         Rampage  .   (no gloves)
Will     .....                  (no boots)
Stlth    ++........             (no amulet)
HPRegen  0.07/turn              (no ring)
MPRegen  0.09/turn              (no ring)

@: lethally poisoned (-1 -> -13)
A: small, mutation resistance 1
a: no special abilities


You were on level 3 of the Dungeon.
You visited 1 branch of the dungeon, and saw 3 of its levels.

You collected 35 gold pieces.

Inventory:

Hand Weapons
 a - a +0 hunting sling
 b - a +0 mace (weapon)
Missiles
 c - 15 stones
 d - 16 sling bullets
Armour
 e - a +0 robe (worn)


   Skills:
 + Level 1.4 Fighting
 + Level 3.6 Slings
 + Level 2.7 Dodging
 + Level 1.3 Stealth
 - Level 1.0 Spellcasting
 - Level 2.4 Hexes


You had 3 spell levels left.
You knew the following spells:

 Your Spells              Type           Power        Failure   Level
a - Corona                Hex            5%           12%         1

Your spell library contained the following spells:

 Spells                   Type           Power        Failure   Level
 Slow                     Hex            5%           19%         2
 Inner Flame              Hex/Fire       3%           52%         3
 Portal Projectile        Hex/Tloc       6%           52%         3
 Cause Fear               Hex            2%           77%         4
 Leda's Liquefaction      Hex/Erth       1%           89%         4


Dungeon Overview and Level Annotations

Branches:
Dungeon (2/15)

Altars:


Innate Abilities, Weirdness & Mutations

You are small and have problems with some larger weapons.
You are somewhat resistant to further mutation.


Message History

You hit the adder.
The adder is heavily wounded.
* * * LOW HITPOINT WARNING * * *
You feel sick. The adder closely misses you. The hobgoblin hits you.
* * * LOW HITPOINT WARNING * * *
The adder closely misses you. The hobgoblin closely misses you.
You thump the adder!
You kill the adder!
* * * LOW HITPOINT WARNING * * *
You feel sick. The hobgoblin misses you.
You have reached level 3!
Your experience leads to an increase in your attributes!
Increase (S)trength, (I)ntelligence, or (D)exterity?
You feel stronger.
You completely miss the hobgoblin.
* * * LOW HITPOINT WARNING * * *
You feel sick. The hobgoblin closely misses you.
You hit the hobgoblin.
You kill the hobgoblin!
You die...

#.#. .#. ..
##'##
##...##
##.....##
##.......##
#......@..#
+.........+
#.........#
##.......##
##.?...##
##...##
##+##


There were no monsters in sight!

Vanquished Creatures
  A gnoll (D:2)
  An adder (D:3)
  2 leopard geckos (D:1)
  3 bats (D:1)
  A hobgoblin (D:3)
  A goblin (D:1)
9 creatures vanquished.

Notes
Turn   | Place    | Note
-------+----------+-------------------------------------------
     0 | D:1      | Twinkles the Halfling Arcane Marksman began the quest for
                  | the Orb.
     0 | D:1      | Reached XP level 1. HP: 12/12 MP: 2/2
    18 | D:1      | Reached skill level 1 in Fighting
    28 | D:1      | You fall into a shaft and drop 1 floor!
    46 | D:2      | Reached skill level 1 in Stealth
    46 | D:2      | Reached XP level 2. HP: 12/18 MP: 3/3
   212 | D:1      | You fall into a shaft and drop 1 floor!
   220 | D:2      | You fall into a shaft and drop 1 floor!
   226 | D:3      | HP: 4/18 [poisoned by an adder]
   227 | D:3      | HP: 1/18 [poisoned by an adder]
   228 | D:3      | Reached XP level 3. HP: 2/23 MP: 4/4
   229 | D:3      | Succumbed to an adder's poison

Illustrated notes

Levels and vault maps discovered:
D:1:      erik_arrival_cave_to_civilisation [erik_arrival_cave_to_temple],
          layout_rooms
D:2:      layout_basic, minmay_door_square, minmay_misc_feat_diagonals,
          kennysheep_potato
D:3:      layout_loops_corners

Skill      XL: |  1 |
---------------+----+-----
Fighting       | 1 |  1.4
Stealth        | 1 |  1.3
Slings         | |  3.6
Dodging        | |  2.7
Spellcasting   | |  1.0
Hexes          | |  2.4

Action                   || total
-------------------------++-------
Melee: Mace              ||    25
 Fire: Hunting sling     ||     6
 Stab: Sleeping          ||     1
Armor: Robe              ||    13
Dodge: Dodged            ||    41
